 Dungeon Crawl Stone Soup version 0.16-a0-1816-g2c93a98 (webtiles) character file.

168 timbw the Chopper (level 5, 0/45 HPs)
             Began as a Centaur Fighter on Nov 3, 2014.
             Slain by a goliath beetle (19 damage)
             ... on level 6 of the Dungeon.
             The game lasted 00:05:37 (1518 turns).

timbw the Chopper (Centaur Fighter)                 Turns: 1518, Time: 00:05:37

Health: 0/45       AC:  6    Str: 19    XL:     5   Next: 24%
Magic:  4/4        EV:  4    Int:  7    God:
Gold:   72         SH:  8    Dex:  9    Spells: 0 memorised, 4 levels left

rFire  . . .     SeeInvis .     a - +0 war axe
rCold  . . .     Clarity  .     b - +0 scale mail
rNeg   . . .     SustAb   .     c - +0 shield
rPois  .         Gourm    .     (no helmet)
rElec  .         Spirit   .     (no cloak)
rCorr  .         Warding  .     (no gloves)
rMut   .         Stasis   +     (no barding)
MR     .....                    n - amulet of stasis
Stlth  ..........               (no ring)
                                (no ring)

@: very quick, not resistant to hostile enchantments, extremely unstealthy
A: hooves 3, deformed body, speed 2, tough skin 3
a: no special abilities


You were on level 6 of the Dungeon.
You were not hungry.

You visited 1 branch of the dungeon, and saw 7 of its levels.

You collected 72 gold pieces.

Inventory:

Hand weapons
 a - a +0 war axe (weapon)
Armour
 b - a +0 scale mail (worn)
 c - a +0 shield (worn)
 l - a +3 scale mail
Jewellery
 n - an amulet of stasis (around neck)
Magical devices
 e - a wand of enslavement (8)
Scrolls
 f - a scroll of remove curse {unknown}
 g - 2 scrolls of enchant armour {unknown}
 h - a scroll of blinking {unknown}
 j - 2 scrolls of identify {unknown}
 k - a scroll of amnesia {unknown}
 m - a scroll of magic mapping {unknown}
Potions
 i - a potion of lignification {unknown}
Books
 p - a book of Battle

   Spells                             Type                      Level
   Infusion                           Charms                       1
   Shroud of Golubria                 Charms/Translocation         2
   Song of Slaying                    Charms                       2
   Spectral Weapon                    Hexes/Charms                 3
   Regeneration                       Charms/Necromancy            3
Comestibles
 d - a bread ration
 o - a meat ration


   Skills:
 - Level 3.0 Fighting
 + Level 5.0 Axes
 - Level 2.1 Armour
 - Level 2.1 Shields


You had 4 spell levels left.
You didn't know any spells.

Dungeon Overview and Level Annotations

Branches:
Dungeon (7/15)
 Temple: D:4-7

Altars:
Ashenzari

Shops:
D:5 !   D:7 %

Annotations:
D:3 timbw's ghost, weakling OpTm
D:5 Pikel; Sigmund
D:6 Dowan; Duvessa; Ijyb; wvc's ghost, experienced DsGl


Innate Abilities, Weirdness & Mutations

You have hooves in place of feet.
Armour fits poorly on your strangely shaped body.
You cover ground very quickly.
You have extremely tough skin (AC +3).


Message History

The goblin shouts!
The goblin hits you but does no damage.
There is a stone staircase leading down here.
You slash the goblin!
You kill the goblin!
A goliath beetle comes into view.
The goliath beetle twitches its antennae in your direction.
You see here a dagger.
A water moccasin comes into view.
The water moccasin hisses angrily.
The water moccasin moves out of view.
Found a scroll labeled NEOR ALEUMY.
The water moccasin barely misses you.
Found a metal-bound book.
You see here a metal-bound book.
p - a book of Battle The water moccasin bites you but does no damage.
The water moccasin bites you. The goliath beetle bites you!!
You die...

.....# ..........# ...(.+
##........# (....#
#.........# .....#
#.........###### .....# #
#.#..........?.# .....#
#.#..............+ .....#
#.#..######......# .....#
#...B.S...#......# ..%..#
#..##.@####.#......#
.....####.#..##..#
#.#......#
#................# #.#......
#e#######.##..##.####.#.....
#.#.....#..... #......#..
#.#.#.e....## ########
#.#<#.#....# #e###.#..#.#
#.....e..# #


You could see a goliath beetle and a water moccasin.

Vanquished Creatures
  A hound (D:5)
  An orc wizard (D:4)
  Jessica (D:2)
  5 adders
  A shadow imp (D:6)
  2 giant geckos (D:2)
  2 orcs (D:4)
  2 bats (D:2)
  2 giant cockroaches (D:1)
  6 goblins
  4 hobgoblins
  2 quokkas (D:2)
  4 giant newts
  4 jackals (D:5)
  A kobold (D:2)
  6 rats
44 creatures vanquished.

Notes
Turn   | Place    | Note
--------------------------------------------------------------
     0 | D:1      | timbw, the Centaur Fighter, began the quest for the Orb.
     0 | D:1      | Reached XP level 1. HP: 19/19 MP: 1/1
   119 | D:1      | Reached XP level 2. HP: 20/26 MP: 2/2
   161 | D:2      | Noticed Jessica
   167 | D:2      | Killed Jessica
   177 | D:2      | Reached XP level 3. HP: 20/31 MP: 3/3
   539 | D:3      | Reached XP level 4. HP: 26/38 MP: 3/3
   544 | D:3      | Reached skill level 4 in Axes
   547 | D:3      | Noticed timbw's ghost (weakling OpTm)
   676 | D:4      | HP: 1/38 [poisoned by an adder]
   949 | D:5      | Entered Level 5 of the Dungeon
   949 | D:5      | Noticed a slave
   952 | D:5      | Noticed a slave
   953 | D:5      | Noticed Pikel
   954 | D:5      | Noticed a slave
   983 | D:5      | Noticed Sigmund
   989 | D:5      | Found Noczez's Distillery.
   999 | D:5      | Reached XP level 5. HP: 35/45 MP: 4/4
  1007 | D:5      | HP: 2/45 [something (5)]
  1037 | D:5      | Noticed a phantom
  1046 | D:6      | Noticed Dowan
  1051 | D:6      | Noticed Duvessa
  1055 | D:6      | Reached skill level 5 in Axes
  1055 | D:6      | HP: 2/45 [hound (3)]
  1060 | D:6      | Noticed wvc's ghost (experienced DsGl)
  1069 | D:6      | Noticed Ijyb
  1070 | D:6      | HP: 2/45 [bat (1)]
  1321 | D:7      | Found Kiocu's Food Emporium.
  1386 | D:7      | Noticed an ogre
  1426 | D:7      | Found a shattered altar of Ashenzari.
  1489 | D:6      | Noticed a water moccasin
  1518 | D:6      | Slain by a goliath beetle

Action                   |  1- 3 |  4- 6 || total
-------------------------+-------+-------++-------
Melee: War axe           |    89 |    50 ||   139
  Use: Potion            |       |     3 ||     3
  Eat: Bread ration      |       |     1 ||     1
